[Event "GER-ch Youth-ODJM 2022 B"]
[Site "Willingen"]
[Date "2022.06.08"]
[Round "5.2"]
[White "Heß, Maxim"]
[Black "Ollhoff, Hannes"]
[Result "0-1"]
[ECO "D00"]
[WhiteElo "1146"]
[BlackElo "1235"]
[Annotator "NA RC COMBH"]
[PlyCount "49"]
[EventDate "2022.06.05"]
[EventType "swiss"]
[EventRounds "9"]
[EventCountry "GER"]
[SourceTitle "playchess.com"]
[Source "ChessBase"]
[SourceQuality "1"]
[TimeControl "40/4500+30:900+30"]

1. d4 d5 2. e3 e6 3. Bd3 Bd6 4. Nf3 Nf6 5. b3 c5 6. O-O O-O 7. Bb2 Nc6 8. Nbd2 b6 9. a3 Bb7 10. Ne5 Rc8 11. f4 Qc7 12. Qf3 Ne7 13. g4 Ng6 14. Kf2 c4 15. Bxg6 hxg6 16. c3 b5 17. Ke2 Ne4 18. b4 a5 19. h4 axb4 20. axb4 Bxb4 21. cxb4 Nxd2 22. Kxd2 c3+ 23. Bxc3 Qxc3+ 24. Ke2 Qb2+ 25. Ke1 0-1

[Event "GER-ch Youth-ODJM 2022 B"]
[Site "Willingen"]
[Date "2022.06.08"]
[Round "5.9"]
[White "Glotz, Richard"]
[Black "Mehner, Lorenz"]
[Result "0-1"]
[ECO "B76"]
[WhiteElo "1607"]
[BlackElo "1609"]
[Annotator "NA RC COMBH"]
[PlyCount "90"]
[EventDate "2022.06.05"]
[EventType "swiss"]
[EventRounds "9"]
[EventCountry "GER"]
[SourceTitle "playchess.com"]
[Source "ChessBase"]
[SourceQuality "1"]
[TimeControl "40/4500+30:900+30"]

1. e4 c5 2. Nf3 d6 3. d4 cxd4 4. Nxd4 Nf6 5. f3 g6 6. Nc3 Bg7 7. Be3 O-O 8. Qd2 Nc6 9. g4 Be6 10. Nxe6 fxe6 11. O-O-O Ne5 12. Be2 Qa5 13. Kb1 Rfc8 14. Nb5 Qxd2 15. Rxd2 a6 16. Nd4 Kf7 17. h4 Nc4 18. Bxc4 Rxc4 19. h5 e5 20. hxg6+ hxg6 21. Nb3 Nxe4 22. fxe4 Rxe4 23. Rf2+ Bf6 24. g5 Rxe3 25. Rhf1 Rh3 26. gxf6 e6 27. Re2 Rh5 28. c3 Rf5 29. Rd1 d5 30. Rh1 Kxf6 31. Nc5 e4 32. Nxb7 g5 33. Nc5 g4 34. Rh6+ Kg5 35. Rxe6 g3 36. R6xe4 dxe4 37. Nxe4+ Kg4 38. Rg2 Rf3 39. Rxg3+ Rxg3 40. Nxg3 Kxg3 41. b4 Kf3 42. Kc2 Ke4 43. a4 Kd5 44. Kb3 a5 45. bxa5 Kc5 0-1

[Event "GER-ch Youth-ODJM 2022 B"]
[Site "Willingen"]
[Date "2022.06.08"]
[Round "5.10"]
[White "Wechtenbruch, Jamie"]
[Black "Laux, Filip"]
[Result "1-0"]
[ECO "B12"]
[WhiteElo "1489"]
[BlackElo "1395"]
[Annotator "NA RC COMBH"]
[PlyCount "73"]
[EventDate "2022.06.05"]
[EventType "swiss"]
[EventRounds "9"]
[EventCountry "GER"]
[SourceTitle "playchess.com"]
[Source "ChessBase"]
[SourceQuality "1"]
[TimeControl "40/4500+30:900+30"]

1. e4 c6 2. d4 d5 3. e5 Bf5 4. Nc3 e6 5. g4 Bg6 6. h4 h6 7. Bd3 Bxd3 8. Qxd3 Nd7 9. Be3 Qc7 10. Nge2 c5 11. f4 Ne7 12. Nb5 Qb6 13. Nd6+ Kd8 14. Nxf7+ Ke8 15. Nd6+ Kd8 16. O-O-O c4 17. Qd2 Rh7 18. f5 exf5 19. gxf5 Nc6 20. c3 Bxd6 21. exd6 Nf6 22. Ng3 Kd7 23. Bf4 a5 24. Qc2 a4 25. a3 Rhh8 26. Rde1 Qa6 27. Qe2 Rae8 28. Qf3 Qa8 29. Nh5 Nxh5 30. Qxh5 Qd8 31. Qf7+ Kc8 32. Rxe8 Rxe8 33. Qxg7 Re2 34. d7+ Qxd7 35. Qxd7+ Kxd7 36. Rf1 Rh2 37. Bxh2 1-0

[Event "GER-ch Youth-ODJM 2022 B"]
[Site "Willingen"]
[Date "2022.06.08"]
[Round "5.11"]
[White "Ermert, Karl Hans Ragnar"]
[Black "Muller, Anker"]
[Result "1/2-1/2"]
[ECO "B13"]
[WhiteElo "1662"]
[BlackElo "1509"]
[Annotator "NA RC COMBH"]
[PlyCount "87"]
[EventDate "2022.06.05"]
[EventType "swiss"]
[EventRounds "9"]
[EventCountry "GER"]
[SourceTitle "playchess.com"]
[Source "ChessBase"]
[SourceQuality "1"]
[TimeControl "40/4500+30:900+30"]

1. e4 c6 2. d4 d5 3. exd5 cxd5 4. Bd3 Nf6 5. Bf4 Nc6 6. c3 e6 7. Nf3 Bd6 8. Bg5 O-O 9. O-O Bd7 10. Re1 h6 11. Bh4 Be7 12. Ne5 Nxe5 13. dxe5 Nh7 14. Bxe7 Qxe7 15. f4 Qc5+ 16. Kh1 Qf2 17. Qd2 Qh4 18. Rf1 f6 19. Qc2 fxe5 20. Bxh7+ Kh8 21. Bd3 exf4 22. Nd2 e5 23. Nf3 Qf6 24. Be2 g5 25. Rae1 g4 26. Nxe5 Qxe5 27. Bxg4 Qd6 28. Bxd7 Qxd7 29. Qg6 Qc6 30. Kg1 Qc5+ 31. Kh1 Qc7 32. Qxh6+ Qh7 33. Qxh7+ Kxh7 34. Re7+ Kg6 35. Rxb7 Rfb8 36. Rxb8 Rxb8 37. Rxf4 Rxb2 38. h4 Rxa2 39. g4 Rc2 40. Rf3 a5 41. h5+ Kg5 42. Rf5+ Kxg4 43. Rxd5 Rxc3 44. Rxa5 1/2-1/2

[Event "GER-ch Youth-ODJM 2022 B"]
[Site "Willingen"]
[Date "2022.06.08"]
[Round "5.12"]
[White "Schwarz, David"]
[Black "Ruddat, Jarne"]
[Result "0-1"]
[ECO "B22"]
[WhiteElo "1244"]
[BlackElo "1415"]
[Annotator "NA RC COMBH"]
[PlyCount "24"]
[EventDate "2022.06.05"]
[EventType "swiss"]
[EventRounds "9"]
[EventCountry "GER"]
[SourceTitle "playchess.com"]
[Source "ChessBase"]
[SourceQuality "1"]
[TimeControl "40/4500+30:900+30"]

1. e4 c5 2. c3 Nc6 3. d4 cxd4 4. cxd4 d5 5. exd5 Qxd5 6. Nf3 e5 7. dxe5 Qxd1+ 8. Kxd1 Bg4 9. Bf4 O-O-O+ 10. Kc1 Bc5 11. Bc4 Bxf3 12. gxf3 Rd4 0-1

[Event "GER-ch Youth-ODJM 2022 B"]
[Site "Willingen"]
[Date "2022.06.08"]
[Round "6.1"]
[White "Roth, Jonas"]
[Black "Ollhoff, Hannes"]
[Result "1/2-1/2"]
[ECO "C00"]
[WhiteElo "1239"]
[BlackElo "1235"]
[Annotator "NA RC COMBH"]
[PlyCount "59"]
[EventDate "2022.06.05"]
[EventType "swiss"]
[EventRounds "9"]
[EventCountry "GER"]
[SourceTitle "playchess.com"]
[Source "ChessBase"]
[SourceQuality "1"]
[TimeControl "40/4500+30:900+30"]

1. e4 e6 2. Nf3 d5 3. exd5 exd5 4. h3 Bd6 5. d4 Ne7 6. c4 Bb4+ 7. Nc3 c6 8. Bd3 Bf5 9. O-O Bxd3 10. Qxd3 O-O 11. a3 Ba5 12. b4 Bc7 13. c5 Ng6 14. Re1 Nd7 15. Ra2 Nf6 16. Nh2 Qd7 17. Qf3 Rfe8 18. Rae2 Nh4 19. Qd3 Ng6 20. Bg5 Re6 21. Nf3 Nf4 22. Bxf4 Bxf4 23. g3 Bc7 24. Rxe6 fxe6 25. Ne5 Bxe5 26. Rxe5 Qf7 27. Ne2 Nd7 28. Re3 Re8 29. f4 Nf6 30. Kg2 1/2-1/2

[Event "GER-ch Youth-ODJM 2022 B"]
[Site "Willingen"]
[Date "2022.06.08"]
[Round "6.2"]
[White "Direk, Oguzhan"]
[Black "Akcapinar, Timur"]
[Result "1-0"]
[ECO "A45"]
[WhiteElo "1020"]
[BlackElo "1278"]
[Annotator "NA RC COMBH"]
[PlyCount "77"]
[EventDate "2022.06.05"]
[EventType "swiss"]
[EventRounds "9"]
[EventCountry "GER"]
[SourceTitle "playchess.com"]
[Source "ChessBase"]
[SourceQuality "1"]
[TimeControl "40/4500+30:900+30"]

1. d4 Nf6 2. Nc3 g6 3. Bf4 Bg7 4. e4 d5 5. e5 Nh5 6. Be3 f5 7. Be2 f4 8. Bd2 O-O 9. Bxh5 gxh5 10. Qxh5 Nc6 11. Nf3 Bf5 12. Bxf4 Bxc2 13. Bh6 Bg6 14. Qh3 Nb4 15. O-O Nd3 16. Bxg7 Kxg7 17. Ng5 Bf5 18. Qg3 Kh8 19. e6 Bg6 20. Nf7+ Bxf7 21. exf7 Rxf7 22. Qxd3 e6 23. Rfe1 Qf6 24. f3 Rg8 25. Qe3 Qg6 26. Re2 Rf6 27. Qe5 Qg7 28. Rf1 h6 29. Nb5 c6 30. Nc3 Kh7 31. g3 Qf7 32. Ref2 Rg5 33. Qe3 Rfg6 34. Ne2 Qg7 35. f4 Rg4 36. Rg2 h5 37. h3 Rh4 38. Kh2 a6 39. Rfg1 1-0

[Event "GER-ch Youth-ODJM 2022 B"]
[Site "Willingen"]
[Date "2022.06.08"]
[Round "6.4"]
[White "Kieselbach, Marvin"]
[Black "Werner, Florin"]
[Result "1/2-1/2"]
[ECO "C00"]
[WhiteElo "1662"]
[BlackElo "1609"]
[Annotator "NA RC COMBH"]
[PlyCount "68"]
[EventDate "2022.06.05"]
[EventType "swiss"]
[EventRounds "9"]
[EventCountry "GER"]
[SourceTitle "playchess.com"]
[Source "ChessBase"]
[SourceQuality "1"]
[TimeControl "40/4500+30:900+30"]

1. e4 e6 2. d4 d5 3. Bd3 dxe4 4. Bxe4 Nf6 5. Bf3 Be7 6. Ne2 O-O 7. Be3 Nbd7 8. Nbc3 Nb6 9. Qd2 Nbd5 10. Bg5 h6 11. Bh4 Ne4 12. Nxe4 Bxh4 13. O-O c6 14. g3 Be7 15. Bg2 Nf6 16. Rad1 Nxe4 17. Bxe4 Qc7 18. f4 b6 19. Nc1 Bb7 20. Qg2 Rab8 21. Nd3 c5 22. dxc5 Bxc5+ 23. Kh1 Bxe4 24. Qxe4 Rbd8 25. Ne5 Rxd1 26. Rxd1 Rd8 27. Rxd8+ Qxd8 28. Nd3 Qd4 29. Qxd4 Bxd4 30. Kg2 Kf8 31. c3 Bf6 32. Kf3 Ke7 33. Ke4 g6 34. Nb4 Kd6 1/2-1/2

[Event "GER-ch Youth-ODJM 2022 B"]
[Site "Willingen"]
[Date "2022.06.08"]
[Round "6.5"]
[White "Günther, Arthur"]
[Black "Götz, Timon"]
[Result "1-0"]
[ECO "B30"]
[WhiteElo "1579"]
[BlackElo "1558"]
[Annotator "NA RC COMBH"]
[PlyCount "25"]
[EventDate "2022.06.05"]
[EventType "swiss"]
[EventRounds "9"]
[EventCountry "GER"]
[SourceTitle "playchess.com"]
[Source "ChessBase"]
[SourceQuality "1"]
[TimeControl "40/4500+30:900+30"]

1. e4 c5 2. Nf3 Nc6 3. Bb5 Qc7 4. O-O g6 5. d4 cxd4 6. Bxc6 bxc6 7. Qxd4 f6 8. Re1 e5 9. Qc4 Rb8 10. Nc3 Qa5 11. Nd2 Ba6 12. Nb3 Rxb3 13. Qxb3 1-0

[Event "GER-ch Youth-ODJM 2022 B"]
[Site "Willingen"]
[Date "2022.06.08"]
[Round "6.6"]
[White "Mehner, Lorenz"]
[Black "Hoffmann, Alexander"]
[Result "0-1"]
[ECO "A33"]
[WhiteElo "1609"]
[BlackElo "1638"]
[Annotator "NA RC COMBH"]
[PlyCount "78"]
[EventDate "2022.06.05"]
[EventType "swiss"]
[EventRounds "9"]
[EventCountry "GER"]
[SourceTitle "playchess.com"]
[Source "ChessBase"]
[SourceQuality "1"]
[TimeControl "40/4500+30:900+30"]

1. d4 Nf6 2. c4 e6 3. Nc3 c5 4. Nf3 cxd4 5. Nxd4 Nc6 6. b3 Bb4 7. Bb2 Ne4 8. Nxc6 bxc6 9. Qc2 Qf6 10. e3 Nxc3 11. a3 Na4+ 12. axb4 Qxb2 13. Qxb2 Nxb2 14. Ra2 Nxc4 15. bxc4 c5 16. b5 Bb7 17. Kd2 a6 18. f3 axb5 19. Rxa8+ Bxa8 20. cxb5 Kd8 21. Bd3 Kc7 22. Kc3 Bb7 23. Ra1 h6 24. e4 d5 25. exd5 exd5 26. Re1 Kd6 27. Bc2 Ra8 28. Rb1 Re8 29. Kd2 c4 30. Ba4 Ra8 31. Bc2 Ra2 32. Kc1 g6 33. Rb2 Rxb2 34. Kxb2 Kc5 35. Ba4 Kb4 36. Bd1 Kxb5 37. Kc3 Kc5 38. Be2 d4+ 39. Kd2 d3 0-1

[Event "GER-ch Youth-ODJM 2022 B"]
[Site "Willingen"]
[Date "2022.06.08"]
[Round "6.8"]
[White "Ruddat, Jarne"]
[Black "Hofmann, Benjamin"]
[Result "1-0"]
[ECO "C45"]
[WhiteElo "1415"]
[BlackElo "1483"]
[Annotator "NA RC COMBH"]
[PlyCount "121"]
[EventDate "2022.06.05"]
[EventType "swiss"]
[EventRounds "9"]
[EventCountry "GER"]
[SourceTitle "playchess.com"]
[Source "ChessBase"]
[SourceQuality "1"]
[TimeControl "40/4500+30:900+30"]

1. e4 e5 2. Nf3 Nc6 3. d4 exd4 4. Nxd4 Bc5 5. Nb3 Bb6 6. Nc3 d6 7. Qe2 Nf6 8. Be3 Qe7 9. f3 Be6 10. g3 O-O 11. O-O-O Rfd8 12. h4 a5 13. g4 Bxe3+ 14. Qxe3 Ne5 15. h5 Nc4 16. Bxc4 Bxc4 17. g5 Ne8 18. f4 f5 19. gxf6 Nxf6 20. Nd4 Nd5 21. Nxd5 Bxd5 22. Nf5 Qxe4 23. Ne7+ Kf7 24. Nxd5 Qxe3+ 25. Nxe3 Re8 26. Nd5 Rec8 27. Rde1 Ra6 28. Re7+ Kf8 29. Rxc7 Rxc7 30. Nxc7 Rc6 31. Ne6+ Ke7 32. Nxg7 Rc4 33. Nf5+ Ke6 34. Ne3 Rxf4 35. b3 d5 36. Re1 Rf3 37. Nc4+ Kf6 38. Nxa5 b5 39. Nc6 Rh3 40. a4 bxa4 41. bxa4 Rc3 42. Nb4 Rc5 43. Rd1 Ra5 44. Nxd5+ Kg5 45. Nb6 Ra6 46. Rd5+ Kg4 47. Kb2 Rxb6+ 48. Ka3 Rc6 49. Kb3 Kf4 50. c4 Ke4 51. Kb4 Rb6+ 52. Rb5 Rc6 53. a5 Kd4 54. c5 Rf6 55. Rb6 Rf5 56. a6 Rf1 57. Kb5 Rb1+ 58. Kc6 Ra1 59. Kb7 Kxc5 60. a7 Ra5 61. Ra6 1-0

[Event "GER-ch Youth-ODJM 2022 B"]
[Site "Willingen"]
[Date "2022.06.08"]
[Round "6.9"]
[White "Tornay, Aritz"]
[Black "Andrade, Ruben"]
[Result "1-0"]
[ECO "A10"]
[WhiteElo "1765"]
[BlackElo "1694"]
[Annotator "NA RC COMBH"]
[PlyCount "52"]
[EventDate "2022.06.05"]
[EventType "swiss"]
[EventRounds "9"]
[EventCountry "GER"]
[SourceTitle "playchess.com"]
[Source "ChessBase"]
[SourceQuality "1"]
[TimeControl "40/4500+30:900+30"]

1. c4 f5 2. g3 Nf6 3. Bg2 g6 4. Nc3 Bg7 5. d3 O-O 6. e4 fxe4 7. dxe4 e5 8. Nge2 d6 9. O-O Be6 10. Nd5 c5 11. Bg5 h6 12. Nxf6+ Bxf6 13. Bxh6 Rf7 14. Qd3 Rh7 15. Bd2 Qe7 16. f4 Bh3 17. fxe5 dxe5 18. Bxh3 Rxh3 19. Qf3 Nd7 20. Qg4 Qh7 21. Rf2 Re8 22. Raf1 Kh8 23. Nc3 Rd8 24. Nd5 Qh5 25. Qe6 Bg7 26. Qe7 Nb8 1-0

[Event "GER-ch Youth-ODJM 2022 B"]
[Site "Willingen"]
[Date "2022.06.08"]
[Round "6.10"]
[White "Vollbehr, Bjarne"]
[Black "Abou Wally, Adrian"]
[Result "0-1"]
[ECO "E81"]
[WhiteElo "1634"]
[BlackElo "1601"]
[Annotator "NA RC COMBH"]
[PlyCount "54"]
[EventDate "2022.06.05"]
[EventType "swiss"]
[EventRounds "9"]
[EventCountry "GER"]
[SourceTitle "playchess.com"]
[Source "ChessBase"]
[SourceQuality "1"]
[TimeControl "40/4500+30:900+30"]

1. d4 Nf6 2. c4 g6 3. Nc3 Bg7 4. e4 d6 5. f3 O-O 6. Be3 Nbd7 7. Qd2 a6 8. Nge2 b5 9. cxb5 axb5 10. Nxb5 c6 11. Nbc3 e5 12. dxe5 Nxe5 13. Nd4 d5 14. exd5 Nxd5 15. Nxd5 Qxd5 16. Nb3 Qe6 17. Nc5 Qe7 18. Ne4 Rd8 19. Bc5 Rxd2 20. Bxe7 Rxb2 21. Nf6+ Kh8 22. O-O-O Nd7 23. Nxd7 Raxa2 24. Nf6 Bh6+ 25. Rd2 Rxd2 26. Bd3 Rxd3+ 27. Kb1 Rdd2 0-1

[Event "GER-ch Youth-ODJM 2022 B"]
[Site "Willingen"]
[Date "2022.06.08"]
[Round "6.11"]
[White "von Jan, Lena"]
[Black "Paqarizi, Endrit"]
[Result "1-0"]
[ECO "B44"]
[WhiteElo "1634"]
[BlackElo "1380"]
[Annotator "NA RC COMBH"]
[PlyCount "57"]
[EventDate "2022.06.05"]
[EventType "swiss"]
[EventRounds "9"]
[EventCountry "GER"]
[SourceTitle "playchess.com"]
[Source "ChessBase"]
[SourceQuality "1"]
[TimeControl "40/4500+30:900+30"]

1. e4 c5 2. Nf3 e6 3. d4 cxd4 4. Nxd4 Nc6 5. c4 Qc7 6. Nc3 a6 7. Be3 b6 8. Be2 Bb7 9. O-O Nf6 10. f3 Bc5 11. Na4 O-O 12. Nxc5 bxc5 13. Nb3 d6 14. Qd2 h6 15. Rfd1 Rfd8 16. Qc3 a5 17. Bxh6 a4 18. Nc1 Nd4 19. Be3 e5 20. Bf1 Bc6 21. Ne2 Rdb8 22. Rab1 Rb7 23. Bf2 Rab8 24. Ng3 Qb6 25. Rd2 Qb4 26. Qxb4 Rxb4 27. Bxd4 cxd4 28. Nf5 Ne8 29. Ne7+ 1-0

[Event "GER-ch Youth-ODJM 2022 B"]
[Site "Willingen"]
[Date "2022.06.08"]
[Round "6.12"]
[White "Morio, Estelle"]
[Black "Fellberg, Justus"]
[Result "1-0"]
[ECO "A02"]
[WhiteElo "1823"]
[BlackElo "1262"]
[Annotator "NA RC COMBH"]
[PlyCount "87"]
[EventDate "2022.06.05"]
[EventType "swiss"]
[EventRounds "9"]
[EventCountry "GER"]
[SourceTitle "playchess.com"]
[Source "ChessBase"]
[SourceQuality "1"]
[TimeControl "40/4500+30:900+30"]

1. f4 e5 2. fxe5 d6 3. Nf3 dxe5 4. e4 Nf6 5. c3 Bg4 6. Be2 Nc6 7. d3 Bc5 8. b4 Bb6 9. b5 Bxf3 10. Bxf3 Ne7 11. Qe2 O-O 12. Be3 Qd6 13. O-O Ng6 14. g3 Rad8 15. Rd1 Rd7 16. a4 Bxe3+ 17. Qxe3 Qb6 18. Qxb6 axb6 19. Na3 Rfd8 20. Be2 Kf8 21. Nc4 Ne8 22. a5 bxa5 23. Nxa5 Nd6 24. c4 b6 25. Nc6 Rc8 26. Bg4 Rdd8 27. Bxc8 Rxc8 28. Ra7 Ke8 29. Rda1 f6 30. Ra8 Kd7 31. Kf2 Nf8 32. Rxc8 Nxc8 33. Ra8 Ng6 34. Kf3 h5 35. Ra1 Nd6 36. Rd1 Ke6 37. Nb4 Ne7 38. Ra1 Kd7 39. Ra7 Nf7 40. Ke3 Nd8 41. Ra8 Nc8 42. Nd5 Ne6 43. Nb4 g5 44. Ra1 1-0

[Event "GER-ch Youth-ODJM 2022 B"]
[Site "Willingen"]
[Date "2022.06.09"]
[Round "7.1"]
[White "Türel, Tugrul"]
[Black "Maul, Maik Joel"]
[Result "1-0"]
[ECO "B40"]
[WhiteElo "1206"]
[BlackElo "1532"]
[Annotator "NA RC COMBH"]
[PlyCount "59"]
[EventDate "2022.06.05"]
[EventType "swiss"]
[EventRounds "9"]
[EventCountry "GER"]
[SourceTitle "playchess.com"]
[Source "ChessBase"]
[SourceQuality "1"]
[TimeControl "40/4500+30:900+30"]

1. e4 c5 2. Nf3 e6 3. c4 Nc6 4. a3 Qc7 5. d4 cxd4 6. Nxd4 a6 7. Nc3 b6 8. Be2 Bb7 9. Be3 Nf6 10. Qd2 Rd8 11. Rd1 Be7 12. O-O O-O 13. Qc2 d5 14. Nxc6 Qxc6 15. cxd5 exd5 16. exd5 Nxd5 17. Bf3 Qc7 18. Bxd5 Bxd5 19. Bxb6 Qc6 20. Bxd8 Rxd8 21. Qe2 Be6 22. Rxd8+ Bxd8 23. Rd1 Bc7 24. Qe4 Qe8 25. Qb7 Bg4 26. f3 Bxh2+ 27. Kxh2 Qe5+ 28. Kg1 Qc5+ 29. Kf1 Qc4+ 30. Ne2 1-0

[Event "GER-ch Youth-ODJM 2022 B"]
[Site "Willingen"]
[Date "2022.06.09"]
[Round "7.2"]
[White "Kalina, Lena"]
[Black "Günther, Arthur"]
[Result "1/2-1/2"]
[ECO "A85"]
[WhiteElo "1735"]
[BlackElo "1579"]
[Annotator "NA RC COMBH"]
[PlyCount "66"]
[EventDate "2022.06.05"]
[EventType "swiss"]
[EventRounds "9"]
[EventCountry "GER"]
[SourceTitle "playchess.com"]
[Source "ChessBase"]
[SourceQuality "1"]
[TimeControl "40/4500+30:900+30"]

1. d4 f5 2. c4 Nf6 3. Nc3 e6 4. Nf3 Bb4 5. Bd2 O-O 6. e3 b6 7. Be2 Bb7 8. O-O d6 9. Nb1 Bxd2 10. Nbxd2 Nbd7 11. b4 Qe7 12. Nb3 Rac8 13. a3 Ne4 14. Rc1 c5 15. Nfd2 Nxd2 16. Qxd2 Nf6 17. f3 e5 18. bxc5 bxc5 19. d5 f4 20. exf4 exf4 21. Rfe1 Nd7 22. Bd3 Ne5 23. Qc2 Qh4 24. Be4 Rf6 25. Qf2 Qxf2+ 26. Kxf2 Ba6 27. Nd2 Rb8 28. Rb1 Rff8 29. Rec1 Rxb1 30. Rxb1 Bxc4 31. Rb7 a5 32. g3 h6 33. Rb6 Ba2 1/2-1/2

[Event "GER-ch Youth-ODJM 2022 B"]
[Site "Willingen"]
[Date "2022.06.09"]
[Round "7.4"]
[White "Visvikis, Kassandra"]
[Black "Kieselbach, Marvin"]
[Result "0-1"]
[ECO "C03"]
[WhiteElo "1626"]
[BlackElo "1662"]
[Annotator "NA RC COMBH"]
[PlyCount "164"]
[EventDate "2022.06.05"]
[EventType "swiss"]
[EventRounds "9"]
[EventCountry "GER"]
[SourceTitle "playchess.com"]
[Source "ChessBase"]
[SourceQuality "1"]
[TimeControl "40/4500+30:900+30"]

1. e4 e6 2. d4 d5 3. Nd2 Be7 4. Ngf3 Nf6 5. Bd3 c5 6. e5 Nfd7 7. c3 Nc6 8. Qc2 cxd4 9. cxd4 Nb4 10. Qb1 Nxd3+ 11. Qxd3 a5 12. O-O b6 13. Re1 Ba6 14. Qe3 Rc8 15. Nf1 Nb8 16. Bd2 Nc6 17. a3 a4 18. Rec1 Bxf1 19. Kxf1 b5 20. Rc2 O-O 21. Rac1 Qb6 22. b4 axb3 23. Qxb3 Qa6 24. Kg1 Na7 25. Bb4 Bxb4 26. Qxb4 Rc4 27. Rxc4 bxc4 28. a4 Nc6 29. Qb5 Qxb5 30. axb5 Na5 31. Nd2 Rb8 32. Rb1 c3 33. Nf1 c2 34. Rc1 Nb3 35. Rxc2 Nxd4 36. Ra2 g5 37. Rd2 Nb3 38. Rb2 Rxb5 39. Nd2 Nd4 40. Rxb5 Nxb5 41. g4 Nd4 42. Kg2 Kg7 43. Kg3 Kg6 44. h4 Ne2+ 45. Kh3 Nf4+ 46. Kg3 h6 47. hxg5 hxg5 48. Nf3 f6 49. exf6 Kxf6 50. Nd2 e5 51. f3 Ke6 52. Kf2 Kd6 53. Ke3 Kc5 54. Nb3+ Kb4 55. Nd2 Kc3 56. Nb1+ Kb2 57. Nd2 Kc2 58. Nf1 d4+ 59. Ke4 d3 60. Kxe5 d2 61. Ne3+ Kd3 62. Nd1 Ke2 63. Nc3+ Kxf3 64. Kf5 Nh3 65. Ke5 Kf2 66. Ke4 Ke1 67. Kf3 d1=Q+ 68. Nxd1 Kxd1 69. Kg3 Nf4 70. Kf2 Kd2 71. Kf3 Kd3 72. Kf2 Ke4 73. Kg3 Ke3 74. Kh2 Kf3 75. Kh1 Kxg4 76. Kh2 Kf3 77. Kg1 g4 78. Kh2 g3+ 79. Kh1 g2+ 80. Kg1 Nh3+ 81. Kh2 g1=Q+ 82. Kxh3 Qh1# 0-1

[Event "GER-ch Youth-ODJM 2022 B"]
[Site "Willingen"]
[Date "2022.06.09"]
[Round "7.5"]
[White "Stülcken, Philipp"]
[Black "Ruddat, Jarne"]
[Result "1/2-1/2"]
[ECO "D85"]
[WhiteElo "1513"]
[BlackElo "1415"]
[Annotator "NA RC COMBH"]
[PlyCount "82"]
[EventDate "2022.06.05"]
[EventType "swiss"]
[EventRounds "9"]
[EventCountry "GER"]
[SourceTitle "playchess.com"]
[Source "ChessBase"]
[SourceQuality "1"]
[TimeControl "40/4500+30:900+30"]

1. Nf3 Nf6 2. c4 g6 3. Nc3 Bg7 4. d4 d5 5. cxd5 Nxd5 6. e4 Nxc3 7. bxc3 O-O 8. Bc4 c5 9. Rb1 Nc6 10. Be3 a6 11. O-O Bg4 12. Be2 Bxf3 13. Bxf3 Qc7 14. Qc2 cxd4 15. cxd4 Rac8 16. Qa4 Rfd8 17. d5 Ne5 18. Rfc1 Nxf3+ 19. gxf3 Qb8 20. Rxc8 Qxc8 21. Qb4 Rd7 22. Rc1 Rc7 23. Rxc7 Qxc7 24. f4 Bc3 25. Qa4 Qc8 26. Qa3 Bf6 27. e5 Bh4 28. d6 Qg4+ 29. Kf1 Qd1+ 30. Kg2 exd6 31. Qxd6 Qxd6 32. exd6 Kf8 33. Kf3 Ke8 34. Ke4 Kd7 35. Kd5 Bd8 36. a4 f5 37. f3 Ba5 38. h3 Bb4 39. Bc5 Bd2 40. Ke5 Bc3+ 41. Kd5 Bb4 1/2-1/2

[Event "GER-ch Youth-ODJM 2022 B"]
[Site "Willingen"]
[Date "2022.06.09"]
[Round "7.6"]
[White "Abou Wally, Adrian"]
[Black "John, Niklas"]
[Result "1/2-1/2"]
[ECO "B24"]
[WhiteElo "1601"]
[BlackElo "1563"]
[Annotator "NA RC COMBH"]
[PlyCount "137"]
[EventDate "2022.06.05"]
[EventType "swiss"]
[EventRounds "9"]
[EventCountry "GER"]
[SourceTitle "playchess.com"]
[Source "ChessBase"]
[SourceQuality "1"]
[TimeControl "40/4500+30:900+30"]

1. e4 c5 2. Nc3 Nc6 3. Bb5 Nd4 4. a4 a6 5. Bc4 e6 6. Nge2 Qc7 7. O-O Nf6 8. f4 d6 9. d3 Be7 10. Ng3 O-O 11. f5 exf5 12. Nxf5 Nxf5 13. exf5 b6 14. Nd5 Nxd5 15. Bxd5 Bb7 16. Bxb7 Qxb7 17. f6 Bxf6 18. Rxf6 gxf6 19. Bh6 Kh8 20. Qf1 f5 21. Qxf5 f6 22. Bxf8 Rxf8 23. Re1 Kg7 24. Qe6 Qc7 25. Re3 Qd8 26. c4 Rf7 27. Qe8 Qxe8 28. Rxe8 Rd7 29. Rb8 d5 30. Rxb6 dxc4 31. dxc4 Rd4 32. b3 Rd3 33. Kf2 Rd2+ 34. Kf3 Rc2 35. h4 h5 36. g3 Kg6 37. a5 Kf5 38. Rxa6 Rc3+ 39. Kf2 Rxb3 40. Rc6 Rb2+ 41. Kf1 Kg4 42. Rxc5 f5 43. Rc8 Ra2 44. Ra8 Rc2 45. a6 Kf3 46. Ke1 Rxc4 47. a7 Ra4 48. Kd2 Ra3 49. Kc2 Kf2 50. Kb2 Ra6 51. Kc3 Kf3 52. Kd4 Ra5 53. Kc4 Kf2 54. Kb4 Ra1 55. Kc5 Ra5+ 56. Kd6 Kf3 57. Ke6 Kf2 58. Kf6 Kf3 59. Ke7 Kf2 60. Ke6 Kf3 61. Kf6 Kf2 62. Kg5 Kg2 63. Kf4 Kf2 64. Rh8 Rxa7 65. Kxf5 Ra5+ 66. Kg6 Kxg3 67. Rxh5 Ra4 68. Kg5 Ra5+ 69. Kh6 1/2-1/2

[Event "GER-ch Youth-ODJM 2022 B"]
[Site "Willingen"]
[Date "2022.06.09"]
[Round "7.7"]
[White "Wechtenbruch, Jamie"]
[Black "von Jan, Lena"]
[Result "0-1"]
[ECO "C44"]
[WhiteElo "1489"]
[BlackElo "1634"]
[Annotator "NA RC COMBH"]
[PlyCount "110"]
[EventDate "2022.06.05"]
[EventType "swiss"]
[EventRounds "9"]
[EventCountry "GER"]
[SourceTitle "playchess.com"]
[Source "ChessBase"]
[SourceQuality "1"]
[TimeControl "40/4500+30:900+30"]

1. e4 e5 2. Nf3 Nc6 3. d4 exd4 4. Nxd4 Nf6 5. Nxc6 bxc6 6. Bd3 Be7 7. a3 d5 8. Nc3 O-O 9. O-O Bg4 10. f3 Bc5+ 11. Kh1 Bh5 12. Bg5 Be7 13. Rb1 h6 14. Bh4 Rb8 15. b4 Kh8 16. Ne2 dxe4 17. Bxf6 exd3 18. Bxe7 Qxe7 19. Qxd3 Bg6 20. Qc4 Rb6 21. Rbc1 Rd8 22. c3 Bd3 23. Qa2 Qxe2 24. Qxe2 Bxe2 25. Rfe1 Bc4 26. Re7 Rb7 27. Kg1 Be6 28. Kf2 Kg8 29. Re1 Kf8 30. R7xe6 fxe6 31. Rxe6 Rd2+ 32. Kg3 Ra2 33. Rxc6 Rxa3 34. h4 a5 35. bxa5 Rxa5 36. Kg4 Ra2 37. g3 Kf7 38. f4 Re2 39. Kh5 Re7 40. g4 Rb6 41. Rc5 c6 42. Rf5+ Kg8 43. c4 Rf7 44. Re5 Rxf4 45. c5 Rb5 46. g5 hxg5 47. hxg5 Kf7 48. g6+ Kf6 49. Rd5 cxd5 50. c6 Rc4 51. c7 Rxc7 52. Kh4 Rc4+ 53. Kg3 Rb3+ 54. Kf2 Rc2+ 55. Ke1 Rb1# 0-1

[Event "GER-ch Youth-ODJM 2022 B"]
[Site "Willingen"]
[Date "2022.06.09"]
[Round "7.8"]
[White "Tryfon, Konstantin"]
[Black "Tornay, Aritz"]
[Result "1-0"]
[ECO "E73"]
[WhiteElo "1634"]
[BlackElo "1765"]
[Annotator "NA RC COMBH"]
[PlyCount "80"]
[EventDate "2022.06.05"]
[EventType "swiss"]
[EventRounds "9"]
[EventCountry "GER"]
[SourceTitle "playchess.com"]
[Source "ChessBase"]
[SourceQuality "1"]
[TimeControl "40/4500+30:900+30"]

1. d4 Nf6 2. c4 g6 3. Nc3 Bg7 4. e4 d6 5. Be2 O-O 6. Be3 e5 7. d5 Na6 8. g4 Nc5 9. f3 c6 10. h4 cxd5 11. cxd5 a6 12. g5 Nh5 13. Qd2 b5 14. b4 Nd7 15. Rc1 Nb6 16. Nd1 Bd7 17. Bf2 Na4 18. Bf1 f5 19. gxf6 Rxf6 20. Bh3 Nf4 21. Bxd7 Qxd7 22. Ne3 Nb2 23. Rc3 Na4 24. Rc2 Rc8 25. Ne2 Nh3 26. Rxh3 Qxh3 27. Ng4 Rff8 28. Ng1 Qh1 29. Ke2 h5 30. Ne3 Bh6 31. Rc6 Rfd8 32. Qc2 Rxc6 33. dxc6 Bxe3 34. c7 Rc8 35. Kxe3 Qh2 36. Ne2 Qh3 37. Qc6 Qe6 38. f4 Qe7 39. fxe5 Qxe5 40. Bg3 Qe8 1-0